 Dungeon Crawl Stone Soup version 0.20.0-7-g3b7b877 (webtiles) character file.

75988 MydosGodOfBeginnings the Basher (level 15, -6/121 HPs)
             Began as a Mummy Fighter on May 29, 2017.
             Was a High Priest of Okawaru.
             Killed from afar by an orc sorcerer (34 damage)
             ... with a bolt of fire
             ... on level 2 of the Orcish Mines.
             The game lasted 01:39:55 (32239 turns).

MydosGodOfBeginnings the Basher (Mummy Fighter)    Turns: 32239, Time: 01:39:56

Health: -6/121     AC: 18    Str: 22    XL:     15   Next: 11%
Magic:  18/18      EV:  9    Int: 10    God:    Okawaru [*****.]
Gold:   1833       SH: 13    Dex: 13    Spells: 14/14 levels left

rFire    x . .     SeeInvis +   t - +3 demon whip (elec)
rCold    + . .     Gourm    .   c - +0 shield
rNeg     + + +     Faith    +   A - +1 plate armour {MR+}
rPois    ∞         Spirit   .   j - +1 helmet {SInv}
rElec    .         Reflect  .   C - +0 cloak
rCorr    .         Harm     .   (no gloves)
MR       ++...                  (no boots)
Stlth    ..........             b - amulet of faith
Regen    0.3/turn               l - +3 ring of evasion
MPRegen  0.2/turn               f - +3 ring of slaying

@: no status effects
A: no food or potions, fire vulnerability, cold resistance 1, negative energy
resistance 3, torment resistance, unbreathing, in touch with death 1
a: Heroism, Finesse, Renounce Religion


You were on level 2 of the Orcish Mines.
You worshipped Okawaru.
Okawaru was extremely pleased with you.
You were not hungry.

You visited 3 branches of the dungeon, and saw 19 of its levels.
You also visited: Bailey.

You collected 1833 gold pieces.

Inventory:

Hand Weapons
 p - a +0 antimagic flail
 t - a +3 demon whip of electrocution (weapon)
 u - a +5 mace of draining
Missiles
 h - 14 javelins of returning (quivered)
Armour
 c - a +0 shield (worn)
 j - a +1 helmet of see invisible (worn)
 o - a +1 large shield of reflection
 s - a +0 chain mail of fire resistance
 A - a +1 plate armour of magic resistance (worn)
 B - the +3 hat of Fortification {rF+ rC+ Str-3}
   (Okawaru gifted it to you on level 6 of the Lair of Beasts)

   It affects your strength (-3).
   It protects you from fire.
   It protects you from cold.
 C - a +0 cloak (worn)
Jewellery
 b - an amulet of faith (around neck)
 f - a +3 ring of slaying (right hand)
 l - a +3 ring of evasion (left hand)
 v - an uncursed ring of fire
 G - an uncursed ring of ice
Wands
 n - a wand of iceblast (10/15)
 E - a wand of paralysis (18/24)
Scrolls
 a - 2 scrolls of enchant armour
 d - 3 scrolls of immolation
 e - 3 scrolls of random uselessness
 i - 10 scrolls of identify
 k - 7 scrolls of remove curse
 m - 3 scrolls of teleportation
 q - 3 scrolls of magic mapping
 r - 3 scrolls of amnesia
 w - 2 scrolls of fog
 y - a scroll of blinking
 D - a scroll of torment


   Skills:
 + Level 12.2 Fighting
 - Level 14.1 Maces & Flails
 + Level 7.4 Armour
 + Level 12.5 Shields
 + Level 4.9 Invocations


You had 14 spell levels left.
You didn't know any spells.

Dungeon Overview and Level Annotations

Branches:
Dungeon (11/15)            Temple (0/1) D:7            Lair (6/6) D:11
  Swamp (0/4) Lair:2        Snake (0/4) Lair:4        Slime (0/5) Lair:5
    Orc (2/2) D:11            Elf (0/3) Orc:2

Altars:
Ashenzari
Fedhas
Hepliaklqana
Makhleb
Okawaru
Qazlal
Sif Muna
Uskayaw
Vehumet
Xom
Zin
The Shining One
Beogh

Shops:
D:5 :   D:10 !

Annotations:
D:5 1 runed door
Lair:4 exclusion: oklob plant


Innate Abilities, Weirdness & Mutations

You do not eat or drink.
Your flesh is vulnerable to fire.
You are immune to poison.
Your flesh is cold resistant. (rC+)
You are immune to negative energy. (rN+++)
You are immune to unholy pain and torment.
You can survive without breathing.
You are in touch with the powers of death.


Message History

The orc priest calls down the wrath of Beogh upon you.
Beogh smites you!
The orc sorcerer hits you but does no damage.
The orc priest calls down the wrath of Beogh upon you.
Beogh smites you!
Things that are here:
a scimitar; a shiny chain mail The orc sorcerer gestures wildly while chanting.
The orc priest looks encouraged for a moment.
The orc priest calls down the wrath of Beogh upon you.
Beogh smites you!
The orc warlord roars a battlecry!
The orcs go into a battle-frenzy!
The orc priest mumbles some strange prayers to Beogh against you.
Beogh smites you!
* * * LOW HITPOINT WARNING * * *
The orc warlord roars a battlecry!
The orc sorcerer gestures at you while chanting.
The bolt of fire hits you! The fire burns you terribly!
You die...

.#################### ###(.....
....................## ###.......
.......#.............###.#....##.
[.....###............##...o(o.###
.................#..#.##.......#.
.......................##........
.......................###(......
...........#............#....#...
[........[)#.#..@..o.o.o)4...##..
#..#[.....#[.)#........o#........
.##........#[#..........##.#.##..
..[#[.....)[#...........#...#####
..)[)....#.###..##......##.## #
...<.[....## ##.#....#.#####
..##[[....# #...#..####
.#####.#.## ##.##...# #.## #####
###...##


You could see an orc warlord, an orc high priest, an orc sorcerer and an orc
priest.

Vanquished Creatures
  2 orc warlords
  An ettin (Orc:2)
  Snorg (Lair:5)
  Fannar (D:11)
  7 hydras
  The ghost of MTVSty1e the Fighter, a novice DrTm of Makhleb (Bailey)
  4 death yaks
  A two-headed ogre (D:8)
  2 orc high priests (Orc:2)
  The ghost of greprep the Blocker, a novice MiFi of Qazlal (D:9)
  The ghost of tv1990 the Fighter, a novice FoEn of Jiyva (Bailey)
  2 iron trolls (D:11)
  The ghost of Inarius the Stinger, a novice DrVM of Vehumet (D:6)
  2 orc sorcerers
  2 cyclopes
  A manticore (D:8)
  18 elephants
  2 black mambas
  An eye of devastation (Lair:5)
  A torpor snail (Lair:6)
  22 spiny frogs
  6 komodo dragons
  2 kobold demonologists (D:10)
  2 rime drakes
  A queen bee (Lair:2)
  A tyrant leech (Lair:2)
  8 polar bears
  15 trolls
  5 hornets (Lair:6)
  9 dream sheep
  11 blink frogs
  A slime creature (D:8)
  11 hippogriffs
  47 yaks
  11 spriggans (Lair:6)
  A hog (shapeshifter) (D:8)
  5 wyverns
  2 basilisks
  3 hungry ghosts
  A steam dragon (D:9)
  3 wargs
  8 swamp worms (Lair:6)
  5 nagas (Lair:4)
  12 water moccasins
  13 porcupines
  5 ice beasts
  5 black bears
  An eye of draining (Lair:5)
  26 orc warriors
  2 sky beasts (D:8)
  4 boggarts (Lair:6)
  2 necrophages
  8 ogres
  2 phantoms
  28 wolves
  3 centaurs (D:11)
  8 crocodiles
  4 big kobolds
  21 bullfrogs
  A gnoll sergeant (D:9)
  4 scorpions
  24 killer bees
  7 howler monkeys
  5 wights
  An electric eel (D:11)
  5 crimson imps
  A bullfrog zombie (D:5)
  4 jellies
  9 hounds
  2 gnoll shamans
  16 orc priests
  A bullfrog skeleton (D:8)
  6 iguanas
  13 orc wizards
  14 worker ants
  9 hell rats
  2 hound skeletons
  Robin (D:1)
  24 gnolls
  8 adders
  18 river rats (Lair:1)
  5 shadow imps
  13 worms
  4 dart slugs
  10 leopard geckos
  77 orcs
  9 giant cockroaches
  26 goblins
  22 hobgoblins
  6 jackals
  11 quokkas
  6 bats
  4 frilled lizards
  A jackal skeleton (D:6)
  24 kobolds
  A leopard gecko skeleton (D:4)
  A leopard gecko zombie (D:3)
  13 rats
  2 plants (D:11)
786 creatures vanquished.

Vanquished Creatures (others)
  A crocodile (Lair:5)
  An orc (Orc:1)
  52 fungi
  35 plants
89 creatures vanquished.

Grand Total: 875 creatures vanquished

Notes
Turn   | Place    | Note
-------+----------+-------------------------------------------
     0 | D:1      | MydosGodOfBeginnings the Mummy Fighter began the quest for the Orb.
     0 | D:1      | Reached XP level 1. HP: 18/18 MP: 1/1
   101 | D:1      | Reached XP level 2. HP: 19/24 MP: 2/2
   154 | D:1      | You fall through a shaft!
   516 | D:1      | Reached XP level 3. HP: 21/29 MP: 3/3
   738 | D:1      | Reached skill level 2 in Maces & Flails
  1231 | D:2      | Found a hide-covered altar of Uskayaw.
  1231 | D:2      | Noticed a dagger
  1231 | D:2      | Noticed a hand axe
  1423 | D:2      | Found a radiant altar of Vehumet.
  1506 | D:2      | Noticed Robin
  1801 | D:1      | Killed Robin
  1801 | D:1      | Reached XP level 4. HP: 35/35 MP: 4/4
  2738 | D:3      | Reached skill level 3 in Maces & Flails
  3041 | D:4      | Reached XP level 5. HP: 35/41 MP: 5/5
  3104 | D:4      | Found a glowing golden altar of the Shining One.
  3174 | D:4      | Noticed a phantom
  3192 | D:4      | Killed a phantom
  3249 | D:4      | Reached XP level 6. HP: 37/47 MP: 6/6
  3399 | D:4      | Reached skill level 4 in Maces & Flails
  3766 | D:4      | Found an iron altar of Okawaru.
  3773 | D:4      | Found a glowing silver altar of Zin.
  3778 | D:4      | Found a hazy altar of Hepliaklqana.
  3790 | D:4      | Became a worshipper of Warmaster Okawaru
  3830 | D:4      | Noticed an ice beast
  3846 | D:4      | Killed an ice beast
  4009 | D:4      | Reached XP level 7. HP: 43/53 MP: 7/7
  4137 | D:5      | Entered Level 5 of the Dungeon
  4441 | D:5      | Found Coto's Book Boutique.
  4472 | D:5      | Reached skill level 5 in Maces & Flails
  4660 | D:5      | Reached * piety under Okawaru
  5303 | D:5      | Found a runed door.
  5349 | D:5      | Found a runed door.
  5656 | D:5      | Reached XP level 8. HP: 53/60 MP: 8/8
  5680 | D:5      | Reached skill level 6 in Maces & Flails
  5704 | D:5      | Got a faintly glowing leather armour
  5715 | D:5      | Identified the +3 leather armour of the Guild-Master {rPois Str+4} (You found it on level 5 of the Dungeon)
  5927 | D:6      | Reached ** piety under Okawaru
  5958 | D:6      | Reached skill level 7 in Maces & Flails
  6023 | D:6      | Found a shattered altar of Ashenzari.
  6110 | D:6      | Found a burning altar of Makhleb.
  6112 | D:6      | Found a stormy altar of Qazlal.
  6112 | D:6      | Found a radiant altar of Vehumet.
  6114 | D:6      | Found a stormy altar of Qazlal.
  6114 | D:6      | Found a glowing golden altar of the Shining One.
  6114 | D:6      | Found a shimmering altar of Xom.
  6277 | D:6      | Noticed Inarius's ghost (novice DrVM)
  6298 | D:6      | Killed Inarius's ghost
  6298 | D:6      | Reached XP level 9. HP: 58/66 MP: 6/9
  6508 | D:6      | Found a blossoming altar of Fedhas.
  6807 | D:6      | Reached skill level 8 in Maces & Flails
  6926 | D:6      | Reached skill level 5 in Fighting
  7014 | D:7      | Reached skill level 5 in Shields
  7278 | D:7      | Found a staircase to the Ecumenical Temple.
  7555 | D:7      | Noticed a cyclops
  7577 | D:7      | Killed a cyclops
  7577 | D:7      | Reached *** piety under Okawaru
  7577 | D:7      | Reached skill level 9 in Maces & Flails
  8022 | D:8      | Found a stormy altar of Qazlal.
  8026 | D:8      | Reached **** piety under Okawaru
  8026 | D:8      | Reached XP level 10. HP: 72/75 MP: 10/10
  8027 | D:8      | Found a burning altar of Makhleb.
  8029 | D:8      | Noticed a manticore
  8031 | D:8      | Noticed an unseen horror
  8031 | D:8      | a raiju changed into an unseen horror
  8178 | D:8      | Reached skill level 1 in Invocations
  8225 | D:8      | Killed a manticore
  8636 | D:8      | Noticed a two-headed ogre
  8836 | D:8      | Reached skill level 10 in Maces & Flails
  9026 | D:8      | Killed a two-headed ogre
  9026 | D:8      | Received a gift from Okawaru
  9238 | D:8      | Noticed a two-headed hydra
  9250 | D:8      | Killed a two-headed hydra
  9250 | D:8      | Reached ***** piety under Okawaru
  9256 | D:8      | Received a gift from Okawaru
  9637 | D:8      | Reached skill level 11 in Maces & Flails
  9716 | D:7      | Reached skill level 5 in Armour
 10012 | D:8      | Reached XP level 11. HP: 81/83 MP: 11/11
 11030 | D:9      | Found a deep blue altar of Sif Muna.
 11087 | D:9      | Noticed greprep's ghost (novice MiFi)
 11109 | D:9      | Killed greprep's ghost
 11451 | D:10     | Entered Level 10 of the Dungeon
 11521 | D:10     | Found Leshrur's Distillery.
 12520 | D:11     | Reached skill level 12 in Maces & Flails
 12525 | D:11     | Received a gift from Okawaru
 12599 | D:11     | Found a staircase to the Orcish Mines.
 12985 | D:11     | Noticed a sixfirhy
 12990 | D:10     | Noticed a sun demon
 13551 | D:11     | Noticed Fannar
 13577 | D:11     | Killed Fannar
 14083 | D:11     | Noticed an iron troll
 14083 | D:11     | Noticed an iron troll
 14104 | D:11     | Killed an iron troll
 14104 | D:11     | Reached XP level 12. HP: 62/91 MP: 6/13
 15228 | D:11     | Found a staircase to the Lair.
 15543 | Lair:1   | Entered Level 1 of the Lair of Beasts
 15583 | Lair:1   | Reached skill level 13 in Maces & Flails
 16065 | Lair:1   | Reached ****** piety under Okawaru
 16180 | Lair:1   | Noticed an eight-headed hydra
 16192 | Lair:1   | Killed an eight-headed hydra
 16474 | Lair:1   | Received a gift from Okawaru
 17734 | Lair:2   | Found a staircase to the Swamp.
 17735 | Lair:2   | Noticed a seven-headed hydra
 17754 | Lair:2   | Killed a seven-headed hydra
 18180 | Lair:2   | Noticed an eight-headed hydra
 18824 | Lair:2   | Reached skill level 14 in Maces & Flails
 18825 | Lair:2   | Received a gift from Okawaru
 19020 | Lair:2   | Gained mutation: You are in touch with the powers of death. [Mummy growth]
 19020 | Lair:2   | Reached XP level 13. HP: 47/99 MP: 13/15
 20920 | Lair:4   | Received a gift from Okawaru
 21622 | Lair:4   | Found a staircase to the Snake Pit.
 21807 | Lair:4   | Found a blossoming altar of Fedhas.
 22618 | Lair:5   | Noticed Snorg
 22635 | Lair:5   | Killed Snorg
 22635 | Lair:5   | Reached skill level 10 in Shields
 23144 | Lair:4   | Reached skill level 10 in Fighting
 23837 | Lair:5   | Found a staircase to the Slime Pits.
 24004 | Lair:6   | Entered Level 6 of the Lair of Beasts
 24041 | Lair:6   | Received a gift from Okawaru
 24281 | Lair:6   | Reached XP level 14. HP: 83/111 MP: 17/17
 25128 | Lair:6   | Identified Sif Muna's Almanac of Articulation
 25587 | Lair:6   | Received a gift from Okawaru
 26271 | Lair:6   | Received a gift from Okawaru
 26289 | Lair:6   | Got a blackened hat {god gift}
 26300 | Lair:6   | Identified the +3 hat of Fortification {rF+ rC+ Str-3} (Okawaru gifted it to you on level 6 of the Lair of Beasts)
 28536 | Orc:1    | Entered Level 1 of the Orcish Mines
 28536 | Orc:1    | Noticed an orc warlord
 28593 | D:11     | Killed an orc warlord
 28844 | Orc:1    | Found a flagged portal.
 28850 | Bailey   | Entered a bailey
 28944 | Bailey   | Noticed tv1990's ghost (novice FoEn)
 28969 | Bailey   | Killed tv1990's ghost
 29137 | Bailey   | Noticed MTVSty1e's ghost (novice DrTm)
 29163 | Bailey   | Killed MTVSty1e's ghost
 29619 | Orc:2    | Entered Level 2 of the Orcish Mines
 30500 | Orc:2    | Received a gift from Okawaru
 30692 | Orc:2    | Reached XP level 15. HP: 75/120 MP: 15/18
 31161 | Orc:1    | Noticed an orc warlord
 31610 | Orc:1    | Killed an orc warlord
 31973 | Orc:2    | Found a roughly hewn altar of Beogh.
 32065 | Orc:2    | Found a staircase to the Elven Halls.
 32201 | Orc:2    | Noticed an orc warlord
 32239 | Orc:2    | Killed from afar by an orc sorcerer

Skill      XL: |  1  2  3  4  5  6  7  8  9 10 11 12 13 14 |
---------------+-------------------------------------------+-----
Maces & Flails | 2 3 4 5 7 9 11 12 14 | 14.1
Armour         | 3 4 5 6 7 |  7.4
Shields        | 3 4 5 6 7 8 10 12 | 12.5
Fighting       | 4 5 6 7 8 10 12 | 12.2
Invocations    | 1 2 4 |  4.9

Action                   |  1- 3 |  4- 6 |  7- 9 | 10-12 | 13-15 || total
-------------------------+-------+-------+-------+-------+-------++-------
Melee: Flail             |   181 |   234 |   522 |    60 |       ||   997
       Mace              |       |       |       |  1084 |  1293 ||  2377
       Demon whip        |       |       |       |       |   161 ||   161
Throw: Javelin           |       |    18 |    12 |    22 |    14 ||    66
Invok: Heroism           |       |       |    10 |    29 |    33 ||    72
       Finesse           |       |       |       |     4 |     6 ||    10
  Use: Scroll            |       |     1 |     1 |    22 |     9 ||    33
Armor: Scale mail        |   102 |    62 |    74 |       |       ||   238
       Leather armour    |       |       |    61 |   181 |   134 ||   376
       Plate armour      |       |       |       |    65 |    92 ||   157
Dodge: Dodged            |    78 |   108 |   255 |   401 |   410 ||  1252
Block: Shield            |   101 |   113 |   267 |   501 |   740 ||  1722
       Large shield      |       |       |       |       |    17 ||    17
